 Dungeon Crawl Stone Soup version 0.29-a0-857-g9b1aa3ac5b (webtiles) character file.

Game seed: 11187067418710715224

0 Sabo the Digger (level 1, 0/11 HPs)
             Began as an Octopode Earth Elementalist on July 16, 2022.
             Was a Follower of Cheibriados.
             Slain by a jackal (1 damage)
             ... on level 1 of the Dungeon.
             The game lasted 00:02:09 (225 turns).

Sabo the Digger (Octopode Earth Elementalist)        Turns: 225, Time: 00:02:10

Health: 0/11       AC:  1    Str:  9    XL:     1   Next: 10%
Magic:  2/3        EV: 13    Int: 19    God:    Cheibriados [*.....]
Gold:   0          SH:  0    Dex: 14    Spells: 3/4 levels left

rFire   . . .      SeeInvis .   e - staff of poison
rCold   . . .      Faith    .   (no shield)
rNeg    . . .      Spirit   .   (helmet restricted)
rPois   +          Reflect  .   (no amulet)
rElec   .          Harm     .   (no ring)
rCorr   .          Rampage  .   (no ring)
Will    .....                   (no ring)
Stlth   +++.......              (no ring)
HPRegen 0.03/turn               (no ring)
MPRegen 0.08/turn               (no ring)
                                (no ring)
                                (no ring)

@: very slow
A: almost no armour, amphibious, 8 rings, camouflage 1, gelatinous body 1,
(nimble swimmer 1), tentacles
a: Renounce Religion, Bend Time


You were on level 1 of the Dungeon.
You worshipped Cheibriados.
Cheibriados was aware of your devotion.
You visited 1 branch of the dungeon, and saw 1 of its levels.

Inventory:

Missiles
 d - 3 silver javelins (quivered)
Magical Staves
 e - a staff of poison (weapon)
Scrolls
 b - a scroll of silence {unknown}
 c - 2 scrolls of noise {unknown}
 g - a scroll of identify {unknown}
Potions
 a - a potion of magic
 f - a potion of degeneration {unknown}
 h - a potion of might {unknown}


   Skills:
 + Level 2.0 Dodging
 + Level 2.6 Stealth
 + Level 2.0 Spellcasting
 + Level 1.0 Transmutations
 + Level 3.0 Earth Magic


You had 3 spell levels left.
You knew the following spells:

 Your Spells              Type           Power      Damage    Failure   Level
a - Sandblast             Erth           26%        2d8       4%          1

Your spell library contained the following spells:

 Spells                   Type           Power      Damage    Failure   Level
 Passwall                 Tmut/Erth      7%         N/A       11%         2
 Sting                    Tmut/Pois      20%        1d4       14%         1
 Poisonous Vapours        Pois/Air       4%         N/A       26%         2
 Stone Arrow              Conj/Erth      14%        3d7       26%         3
 Petrify                  Tmut/Erth      9%         N/A       58%         4
 Olgreb's Toxic Radiance  Pois           2%         N/A       86%         4
 Summon Ice Beast         Ice/Summ       1%         N/A       86%         4
 Summon Mana Viper        Hex/Summ       1%         N/A       99%         5
 Monstrous Menagerie      Summ           0%         N/A       100%        7


Dungeon Overview and Level Annotations

Branches:
Dungeon (1/15)

Altars:
Cheibriados


Innate Abilities, Weirdness & Mutations

You cannot wear most types of armour.
You are amphibious.
You can wear up to eight rings at the same time.
Your skin changes colour to match your surroundings (Stealth+).
Your rubbery body absorbs attacks. (AC +1, EV +1)
((You are camouflaged when in or above water. (Stealth+)))
You have tentacles for arms and can constrict up to eight enemies at once.


Message History

a +0 club; a kobold corpse You open the door.
There is an open door here.
You open the door.
Found a faded altar of an unknown god.
There is an open door here.
There is a faded altar of an unknown god here.
You cannot tell which god this altar belongs to.
Convert to them anyway?
Cheibriados accepts your prayer! Cheibriados welcomes you!
Cheibriados begins to support your attributes as your movement slows.
Cheibriados is now slowing the effects of poison on you.
You can now bend time to slow others.
Cheibriados raises the support of your attributes as your movement slows.
There is an open door here.
Okay, then.
There is an open door here.
Found a scroll labelled OTEJUC FUDWUYV.
g - a scroll labelled OTEJUC FUDWUYV
Found a murky coppery potion.
h - a murky coppery potion
Found 6 gold pieces.
A jackal comes into view.
The jackal barks!
A jackal comes into view.
The jackal bites you but does no damage.
The jackal closely misses you.
A jackal comes into view.
The jackal bites you. The jackal barely misses you. The jackal bites you.
The jackal closely misses you. x2; The jackal barely misses you.
The jackal attacks as you move away! The jackal bites you. x3
* * * LOW HITPOINT WARNING * * *
Casting: Sandblast (safe; 4% risk of failure)
Confirm with . or Enter, or press ? or * to list all spells.
Aiming: Sandblast (safe; 4% risk of failure)
Press: ? - help, Shift-Dir - straight line, f - jackal
Aim: a jackal (74% to hit)
The blast of sand misses the jackal.
The jackal barely misses you. The jackal bites you.
You die...

#.# #.........# ##.#
#......#... ##..#
##.####.# ##...##
##...###.#
##.....#####........#
##...............##.h#
#.......#######.###..#.#
#.##...####...#h.......#
#.............@h.$......
#..#########..#####.####
#..#.......#.. ..
#..#..... #.. .#
#..#..### #.. #
#..'..#_# .#.#
##.#..#'#..#.
#.#.......#.#
#.#.......#.#


You could see 2 jackals.

Vanquished Creatures
  A kobold (D:1)
1 creature vanquished.

Notes
Turn   | Place    | Note
-------+----------+-------------------------------------------
     0 | D:1      | Sabo the Octopode Earth Elementalist began the quest for
                  | the Orb.
     0 | D:1      | Reached XP level 1. HP: 11/11 MP: 3/3
   161 | D:1      | Found a faded altar of an unknown god.
   164 | D:1      | Prayed at the altar of an unknown god.
   164 | D:1      | Became a worshipper of Cheibriados the Contemplative
   164 | D:1      | Reached * piety under Cheibriados
   225 | D:1      | Slain by a jackal

Illustrated notes

Levels and vault maps discovered:
D:1:      erik_arrival_blinker_ship, layout_loops_ring,
          hellmonk_ecumenical_altar_inner_sanctum, minmay_misc_feat_five,
          kennysheep_crisscross

Action                   || total
-------------------------++-------
 Cast: Sandblast         ||     2
Armor: Skin              ||     1
Dodge: Dodged            ||     6

Table legend: (Time is in decaauts)
 A = Elapsed time spent in this place.
 B = Non-inter-level travel time spent in this place.
 C = Inter-level travel time spent in this place.
 D = Time resting spent in this place.
 E = Time spent auto-exploring this place.
 F = Levels seen in this place.
 G = Mean time per level.
                   A        B        C        D        E       F      G
               +--------+--------+--------+--------+--------+-----+--------+
         Total |    247 |    247 |      0 |     11 |      0 |   1 |  247.0 |
       Dungeon |    247 |    247 |      0 |     11 |      0 |   1 |  247.0 |
               +--------+--------+--------+--------+--------+-----+--------+

Top non-repeatable levels by time:
     D:1: 247 daAuts
